 Dungeon Sprint DCSS version 0.26-a0-859-gf57989e088 (webtiles) character file.

Game seed: 16452871703752198705

687 Conn the Arsonist (level 7, -1/41 HPs)
             Began as an Octopode Fire Elementalist on Nov 25, 2020.
             Slain by a water moccasin (3 damage)
             ... in the Dungeon (Sprint II: "The Violet Keep of Menkaure").
             The game lasted 00:05:24 (332 turns).

Conn the Arsonist (Octopode Fire Elementalist)       Turns: 332, Time: 00:05:26

Health: -1/41      AC:  1    Str:  8    XL:     7   Next: 62%
Magic:  10/17      EV: 16    Int: 18    God:
Gold:   243        SH:  0    Dex: 13    Spells: 9/20 levels left

rFire    . . .     SeeInvis .     - Unarmed
rCold    . . .     Faith    .   (no shield)
rNeg     . . .     Spirit   .   (helmet restricted)
rPois    .         Reflect  .   (no amulet)
rElec    .         Harm     .   (no ring)
rCorr    .         Rampage  .   (no ring)
MR       .....     NoTele   +   (no ring)
Stlth    ++++......             (no ring)
HPRegen  0.00/turn              (no ring)
MPRegen  0.15/turn              (no ring)
                                (no ring)
                                (no ring)

@: no status effects
A: almost no armour, stealthy swim, amphibious, 8 rings, constrict 8, camouflage
1, inhibited regeneration, gelatinous body 1, subdued magic 1
a: no special abilities


You were in the Dungeon.
You visited 1 branch You collected 243 gold pieces.

Inventory:

Potions
 e - a potion of magic


   Skills:
 + Level 5.3 Dodging
 + Level 6.4 Stealth
 - Level 5.2 Unarmed Combat
 * Level 7.4 Spellcasting
 * Level 4.6 Conjurations
 + Level 10.7 Fire Magic


You had 9 spell levels left.
You knew the following spells:

 Your Spells              Type           Power        Failure   Level
a - Foxfire               Conj/Fire      ####         1%          1
b - Conjure Flame         Conj/Fire      ####....     1%          3
c - Inner Flame           Hex/Fire       ###.....     2%          3
d - Sticky Flame          Conj/Fire      ####....     3%          4

Your spell library contained the following spells:

 Spells                   Type           Power        Failure   Level
 Fireball                 Conj/Fire      ####......   10%         5


Dungeon Overview and Level Annotations

Branches:
Dungeon (1/1)

Altars:

Annotations:
D Roxanne


Innate Abilities, Weirdness & Mutations

You cannot wear most types of armour.
You are very stealthy in the water. (Stealth+)
You are amphibious.
You can wear up to eight rings at the same time.
You can use your tentacles to constrict eight enemies at once.
Your skin changes colour to match your surroundings (Stealth+).
Your rubbery body absorbs attacks. (AC +1, EV +1)
You do not regenerate when monsters are visible.
Your spells are a little easier to cast, but a little less powerful.


Message History

As you read the scroll of blinking, it crumbles to dust.
The neqoxec burns!
The neqoxec gestures.
There is an open door here.
A water moccasin comes into view.
Which direction?
You close the door.
The water moccasin hisses angrily.
You aren't carrying any scrolls.
Okay, then.
Casting: Sticky Flame (dangerous; 3% risk of failure)
Confirm with . or Enter, or press ? or * to list all spells.
Aiming: Sticky Flame (dangerous; 3% risk of failure)
Press: ? - help, Shift-Dir - straight line, f - water moccasin
Aim: a water moccasin (0% to evade)
The sticky flame hits the water moccasin!
The water moccasin is moderately wounded.
The water moccasin is covered in liquid flames!
The water moccasin burns!
The water moccasin bites you.
You die...

####+####
##.≈≈≈.≈§##
###§§§≈≈.≈§≈##
'≈§§§§8.≈≈§≈#
#≈§§§§§§§§#
#§§§§§§§#
#≈≈#§'§#§§§##
≈≈≈..≈S@§§§.#
≈≈≈≈.##+##≈≈#
≈≈≈ ##.#.## #
≈ #..#..#
####.†.##
#.###5##
#.##5## #+53.+
###§##


You could see Roxanne and a water moccasin (burning).

Vanquished Creatures
  2 neqoxecs (D)
  A water moccasin (D)
  4 necrophages (D)
7 creatures vanquished.

Vanquished Creatures (others)
  A foxfire (D)
1 creature vanquished.

Grand Total: 8 creatures vanquished

Notes
Turn   | Place    | Note
-------+----------+-------------------------------------------
     0 | D        | Conn the Octopode Fire Elementalist began the quest for the
                  | Orb.
     0 | D        | Reached XP level 1. HP: 11/11 MP: 3/3
     1 | D        | Noticed a neqoxec
     2 | D        | Gained mutation: You do not regenerate when monsters are
                  | visible. [a neqoxec]
     7 | D        | Noticed a neqoxec
     9 | D        | Killed a neqoxec
    10 | D        | Reached skill level 7 in Fire Magic
    10 | D        | Reached XP level 2. HP: 6/17 MP: 3/6
    10 | D        | Reached XP level 3. HP: 7/21 MP: 4/8
    10 | D        | Reached XP level 4. HP: 10/27 MP: 4/9
    10 | D        | Reached XP level 5. HP: 11/31 MP: 4/10
    14 | D        | Killed a neqoxec
    15 | D        | Reached skill level 5 in Stealth
    15 | D        | Reached skill level 5 in Unarmed Combat
    15 | D        | Reached skill level 8 in Fire Magic
    15 | D        | Reached XP level 6. HP: 14/36 MP: 4/13
    62 | D        | Learned a level 3 spell: Conjure Flame
    66 | D        | Learned a level 3 spell: Inner Flame
    71 | D        | Learned a level 4 spell: Sticky Flame
   242 | D        | Noticed a necrophage
   242 | D        | Noticed a necrophage
   242 | D        | Noticed a necrophage
   242 | D        | Noticed a necrophage
   242 | D        | Noticed a water moccasin
   247 | D        | Killed a necrophage
   248 | D        | Reached skill level 5 in Spellcasting
   248 | D        | Reached skill level 9 in Fire Magic
   252 | D        | Killed a necrophage
   256 | D        | Killed a necrophage
   257 | D        | Reached skill level 5 in Dodging
   257 | D        | Reached skill level 10 in Fire Magic
   257 | D        | Reached XP level 7. HP: 17/41 MP: 1/16
   265 | D        | Identified Roxanne's Catalogue of Transmigration
   265 | D        | Noticed Roxanne
   322 | D        | Noticed a neqoxec
   326 | D        | Gained mutation: Your spells are a little easier to cast,
                  | but a little less powerful. [a neqoxec]
   327 | D        | HP: 2/41 [neqoxec (10)]
   332 | D        | Slain by a water moccasin

Illustrated notes

Levels and vault maps discovered:
D:        the_violet_keep_of_menkaure [sprint2_stairs_cluster_1,
          sprint2_shoproom, sprint2_temple, sprint2_basic_supplies,
          sprint2_obstacle_7, sprint2_obstacle_2, sprint2_obstacle_6,
          sprint2_obstacle_1, sprint2_obstacle_4, sprint2_timed_cluster_1,
          sprint2_smallroom_cluster_1, sprint2_smallroom_final_cluster_1,
          sprint2_transparent_cluster_1, sprint2_second_timed_cluster_1,
          sprint2_sniper_area_1, sprint2_heavy_combat_area_1,
          sprint2_mutation_trap_area_1, sprint2_forest_area_1,
          sprint2_light_combat_area_1, sprint2_behind_water_1,
          sprint2_near_end_vault_1]

Skill      XL: |  1  2  3  4  5  6  7 |
---------------+----------------------+-----
Dodging        | 3 4 5 |  5.3
Stealth        | 4 5 6 |  6.4
Unarmed Combat | 4 5 |  5.2
Spellcasting   | 3 4 6 7 |  7.4
Fire Magic     | 7 8 10 | 10.7
Conjurations   | 3 4 |  4.6

Action                   |  1- 3 |  4- 6 |  7- 9 || total
-------------------------+-------+-------+-------++-------
Melee: Unarmed           |     5 |    13 |     7 ||    25
       Constrict         |       |     4 |     2 ||     6
       Tentacles         |       |     1 |     2 ||     3
 Cast: Sticky Flame      |       |     3 |     3 ||     6
       Foxfire           |       |     1 |       ||     1
  Use: Potion            |     2 |       |     3 ||     5
       Scroll            |       |       |     1 ||     1
Armor: Skin              |       |     1 |       ||     1
Dodge: Dodged            |     1 |     6 |     9 ||    16

Table legend: (Time is in decaauts)
 A = Elapsed time spent in this place.
 B = Non-inter-level travel time spent in this place.
 C = Inter-level travel time spent in this place.
 D = Time resting spent in this place.
 E = Time spent auto-exploring this place.
 F = Levels seen in this place.
 G = Mean time per level.
                   A        B        C        D        E       F      G
               +--------+--------+--------+--------+--------+-----+--------+
         Total |    324 |    324 |      0 |    251 |      0 |   1 |  324.0 |
       Dungeon |    324 |    324 |      0 |    251 |      0 |   1 |  324.0 |
               +--------+--------+--------+--------+--------+-----+--------+

Top non-repeatable levels by time:
       D: 324 daAuts
